 Dungeon Crawl Stone Soup version 0.25.1-2-g60ff931df9 (webtiles) character file.

Game seed: 7266502169528484815

10993 Elvor the Basher (level 11, -3/67 HPs)
             Began as a Gargoyle Fighter on Sept 17, 2020.
             Was a High Priest of Okawaru.
             Slain by a balrug
             ... wielding a +0 demon whip of draining
              (27 damage)
             ... in a Gauntlet on Sept 18, 2020.
             The game lasted 01:39:06 (11651 turns).

Elvor the Basher (Gargoyle Fighter)                Turns: 11651, Time: 01:39:06

Health: -3/67      AC: 33    Str: 22    XL:     11   Next: 70%
Magic:  10/11      EV: 10    Int: 10    God:    Okawaru [*****.]
Gold:   246        SH: 19    Dex: 12    Spells: 10/10 levels left

rFire    . . .     SeeInvis +   L - +0 morningstar (protect)
rCold    . . .     Gourm    .   c - +0 kite shield
rNeg     + . .     Faith    .   a - +0 plate armour
rPois    ∞         Spirit   .   H - +0 helmet
rElec    +         Reflect  +   (no cloak)
rCorr    .         Harm     .   O - +0 pair of gloves {Dex+3}
MR       .....     NoTele   +   (no boots)
Stlth    ..........             z - amulet of reflection
HPRegen  0.21/turn              I - ring of flight
MPRegen  0.12/turn              G - ring of see invisible

@: heroism, protection aura
A: negative energy resistance 1, electricity resistance, unbreathing,
petrification resistance, rot immunity, AC +8
a: Heroism, Finesse, Renounce Religion, Evoke Flight


You were in a Gauntlet.
You worshipped Okawaru.
Okawaru was extremely pleased with you.
You were not hungry.

You visited 2 branches of the dungeon, and saw 13 of its levels.
You also visited: Gauntlet.

You collected 570 gold pieces.
You spent 324 gold pieces at shops.

Inventory:

Hand Weapons
 o - a +1 falchion of flaming
 v - a +0 vorpal flail
 C - a +1 morningstar
 L - a +0 morningstar of protection (weapon)
 P - a +5 halberd of freezing
Missiles
 D - 2 throwing nets
 E - 5 boomerangs
 F - 27 poisoned darts (quivered)
 V - 5 javelins
Armour
 a - a +0 plate armour (worn)
 c - a +0 kite shield (worn)
 H - a +0 helmet (worn)
 J - +1 steam dragon scales
 K - the +5 ring mail "Xeamaed" {MR+ Str+3 Slay-2 Stlth+}
   (You found it on level 9 of the Dungeon)

   It affects your strength (+3).
   It affects your accuracy and damage with ranged weapons and melee attacks
   (-2).
   It affects your resistance to hostile enchantments.
   It makes you more stealthy.
 O - a +0 pair of gloves of dexterity (worn)
Jewellery
 h - an uncursed amulet of guardian spirit
 q - an uncursed amulet of faith
 y - an uncursed ring of resist corrosion
 z - an amulet of reflection (around neck)
 G - a ring of see invisible (right hand)
 I - a ring of flight (left hand)
 T - an uncursed amulet of regeneration
Wands
 b - a wand of iceblast (4)
 i - a wand of polymorph (1)
 B - a wand of random effects (36)
 Q - a wand of digging (4)
Scrolls
 d - 2 scrolls of magic mapping
 g - a scroll of fear
 j - 4 scrolls of enchant weapon
 l - 2 scrolls of amnesia
 m - 8 scrolls of fog
 p - 3 scrolls of teleportation
 r - 3 scrolls of remove curse
 u - 2 scrolls of blinking
 w - 2 scrolls of immolation
Potions
 e - a potion of brilliance
 k - 2 potions of haste
 n - 3 potions of curing
 s - a potion of invisibility
 t - a potion of magic
 M - a potion of lignification
 N - a potion of ambrosia {unknown}
 S - a potion of heal wounds
 U - a potion of berserk rage {unknown}
Comestibles
 f - 16 rations


   Skills:
 + Level 7.1(12.1) Fighting
 * Level 12.5(17.5) Maces & Flails
 + Level 3.1(8.1) Throwing
 + Level 7.3(12.3) Armour
 + Level 2.3(7.3) Dodging
 + Level 1.2(6.2) Stealth
 + Level 10.0(15.0) Shields
 + Level 0.1(5.1) Unarmed Combat
 + Level 1.1 Invocations
 + Level 0.8 Evocations


You had 10 spell levels left.
You didn't know any spells.
Your spell library contained the following spells:

 Spells                   Type           Power        Failure   Level  Hunger
 Foxfire                  Conj/Fire      #...         99%         1    ##.....
 Irradiate                Conj/Tmut      #.........   100%        5    ######.
 Starburst                Conj/Fire      #.........   100%        6    #######
 Ignition                 Fire           #.........   100%        8    #######


Dungeon Overview and Level Annotations

Branches:
Dungeon (12/15)            Temple (1/1) D:5            Lair (0/6) D:9
    Orc (0/2) D:12        Gauntlet (1/1)

Altars:
Ashenzari
Cheibriados
Dithmenos
Elyvilon
Fedhas
Gozag
Hepliaklqana
Kikubaaqudgha
Makhleb
Nemelex Xobeh
Okawaru
Qazlal
Ru
Sif Muna
Trog
Uskayaw
Vehumet
Wu Jian
Xom
Yredelemnul
Zin
The Shining One

Shops:
D:6 *

Annotations:
Gauntlet 11 transporters


Innate Abilities, Weirdness & Mutations

You are resistant to torment.
Your stone body is resilient. (AC +8)
You are immune to poison.
You resist negative energy. (rN+)
You are resistant to electric shocks. (rElec)
You can survive without breathing.
You are immune to petrification.
You are immune to rotting.


Message History

Your plate armour prevents you from hitting the balrug.
The balrug is severely wounded.
The balrug barely misses you.
Your golden eye blinks at the balrug.
The balrug resists with almost no effort.
You block the balrug's attack.
Your golden eye blinks at the balrug.
The balrug resists with almost no effort.
Your golden eye blinks at the balrug.
The balrug resists with almost no effort.
The balrug misses you.
Your killer bee barely misses the balrug.
Your golden eye blinks at the balrug.
The balrug resists with almost no effort.
You hit the balrug.
The balrug is severely wounded.
Your killer bee barely misses the balrug.
The balrug hits you with a +0 demon whip of draining!
You are engulfed in flames!!
You die...

.###########.......©.......≈#
.#.........#...#########...##
.#..##.##..#...#.......#...≈#
.#.##...##.#...#....#..#...##
.#.#.....#s#...#GG.###.#..§≈#
.#....©...y#.8.#yG#©#..#.8§##
.#.#.....#s#...#G###G..#..§≈#
.#.##...##s#...#y2#....#§§.##
.#..##.##.s#...#@).©?".#§§.≈#
.#...=©(%..#...#########...##
.###########.....#.©.#.....≈#
....#.©.#....8...#.8.#...8.##
....#...#........#.©.#......##
....#.©.#.....###########...≈#
..#########...#.*.......#...##
..#..8#8..#...#.#.....#.#...≈#
..#...8...#...#.##...##.#...##


You could see a balrug, a wretched star, a moth of wrath, 4 redbacks, 2 friendly
killer bees and 4 friendly golden eyes.

Vanquished Creatures
  2 two-headed ogres
  An ugly thing (D:7)
  A centaur zombie (D:10)
  Psyche (D:8)
  Maggie (D:9)
  2 trolls
  4 hippogriffs
  A wyvern (D:10)
  Sigmund (D:2)
  9 yaks (D:8)
  A steam dragon (D:11)
  A water moccasin (D:7)
  3 orc warriors
  2 sky beasts
  3 phantoms (D:6)
  8 ogres
  3 wolves (D:9)
  4 centaurs
  3 big kobolds
  4 bullfrogs
  2 scorpions
  13 killer bees
  8 wights
  4 electric eels (D:9)
  3 crimson imps
  2 bullfrog zombies
  2 quasits
  A centaur skeleton (D:4)
  9 hounds
  A jelly (D:5)
  8 orc priests
  12 orc wizards
  A bullfrog skeleton (D:6)
  Jessica (D:3)
  3 iguanas
  10 worker ants
  A hound zombie (D:5)
  2 hound skeletons
  2 worker ant zombies
  7 gnolls
  A howler monkey skeleton (D:7)
  16 adders
  2 river rats (D:3)
  A shadow imp (D:8)
  2 adder zombies
  An ooze (D:2)
  4 worms
  6 leopard geckos
  48 orcs
  10 giant cockroaches
  6 hobgoblins
  12 jackals
  4 quokkas
  12 bats
  5 frilled lizards
  13 goblins
  26 kobolds
  2 leopard gecko skeletons
  A quokka zombie (D:5)
  6 rats
325 creatures vanquished.

Notes
Turn   | Place    | Note
-------+----------+-------------------------------------------
     0 | D:1      | Elvor the Gargoyle Fighter began the quest for the Orb.
     0 | D:1      | Reached XP level 1. HP: 14/14 MP: 1/1
   167 | D:1      | Reached XP level 2. HP: 19/19 MP: 2/2
   442 | D:1      | Reached XP level 3. HP: 23/23 MP: 3/3
   660 | D:2      | Reached skill level 3 in Maces & Flails
   679 | D:2      | Reached XP level 4. HP: 12/28 MP: 4/4
  1073 | D:2      | Noticed Sigmund
  1096 | D:2      | Killed Sigmund
  1096 | D:2      | Reached skill level 4 in Maces & Flails
  1096 | D:2      | Reached XP level 5. HP: 20/33 MP: 5/5
  1214 | D:2      | 2
  1238 | D:3      | Noticed an angel
  1239 | D:3      | Found a glowing silver altar of Zin.
  1351 | D:3      | Reached XP level 6. HP: 37/38 MP: 6/6
  1730 | D:3      | Found a shimmering altar of Xom.
  1736 | D:3      | Noticed Jessica
  1765 | D:3      | Reached skill level 5 in Maces & Flails
  1765 | D:3      | Reached skill level 1 in Dodging
  2164 | D:3      | Killed Jessica
  2845 | D:3      | Reached XP level 7. HP: 25/43 MP: 7/7
  3634 | D:4      | Reached skill level 6 in Maces & Flails
  3920 | D:5      | Entered Level 5 of the Dungeon
  4062 | D:5      | Found a staircase to the Ecumenical Temple.
  4071 | Temple   | Entered the Ecumenical Temple
  4155 | Temple   | Became a worshipper of Warmaster Okawaru
  4312 | D:5      | Reached skill level 5 in Shields
  4441 | D:5      | Reached XP level 8. HP: 48/48 MP: 8/8
  4445 | D:5      | Identified the Guide on Fiery Transmutation
  4466 | D:5      | Reached skill level 5 in Armour
  4662 | D:5      | Reached skill level 1 in Stealth
  4781 | D:5      | Reached skill level 5 in Fighting
  4923 | D:6      | Reached skill level 7 in Maces & Flails
  4948 | D:6      | Reached * piety under Okawaru
  5146 | D:6      | Found a glowing golden altar of the Shining One.
  5186 | D:6      | Found a sparkling altar of Nemelex Xobeh.
  5206 | D:6      | Found a radiant altar of Vehumet.
  5219 | D:6      | Found a shattered altar of Ashenzari.
  5559 | D:6      | Found Jiffyd's General Store.
  5565 | D:6      | Bought a potion of curing for 36 gold pieces
  5565 | D:6      | Bought a scroll of teleportation for 36 gold pieces
  5565 | D:6      | Bought a scroll of identify for 24 gold pieces
  5565 | D:6      | Bought a scroll of fog for 24 gold pieces
  5565 | D:6      | Bought a scroll of blinking for 90 gold pieces
  5565 | D:6      | Bought a scroll of summoning for 114 gold pieces
  5593 | D:6      | Reached skill level 8 in Maces & Flails
  5845 | D:6      | Reached XP level 9. HP: 54/54 MP: 9/9
  6160 | D:7      | Reached ** piety under Okawaru
  6160 | D:7      | Reached skill level 9 in Maces & Flails
  7073 | D:8      | Reached skill level 10 in Maces & Flails
  7094 | D:8      | Noticed a green ugly thing
  7166 | D:7      | Killed a green ugly thing
  7166 | D:7      | Reached *** piety under Okawaru
  7166 | D:7      | Reached XP level 10. HP: 23/60 MP: 3/10
  8020 | D:8      | Reached skill level 11 in Maces & Flails
  8179 | D:8      | Reached **** piety under Okawaru
  8479 | D:9      | Got a fine ring mail
  8493 | D:9      | Noticed Psyche
  8542 | D:8      | Killed Psyche
  8559 | D:8      | Identified the +5 ring mail "Xeamaed" {MR+ Str+3 Slay-2
                  | Stlth+} (You found it on level 9 of the Dungeon)
  8587 | D:9      | Noticed Maggie
  8609 | D:9      | Killed Maggie
  8609 | D:9      | Reached skill level 1 in Throwing
  8849 | D:9      | Reached XP level 11. HP: 26/66 MP: 8/11
  9092 | D:9      | Reached ***** piety under Okawaru
  9123 | D:9      | Found a staircase to the Lair.
  9505 | D:10     | Entered Level 10 of the Dungeon
  9675 | D:10     | Noticed a two-headed ogre
  9690 | D:10     | Killed a two-headed ogre
  9690 | D:10     | Reached skill level 12 in Maces & Flails
  9871 | D:10     | Received a gift from Okawaru
  9961 | D:10     | Reached skill level 1 in Invocations
 10134 | D:10     | Found a sacrificial altar of Ru.
 10522 | D:11     | Noticed a two-headed ogre
 10542 | D:11     | Killed a two-headed ogre
 10804 | D:11     | Reached skill level 10 in Shields
 11282 | D:11     | 11
 11337 | D:12     | Found a staircase to the Orcish Mines.
 11354 | D:12     | Found a gate leading to a gauntlet.
 11363 | Gauntlet | Entered a Gauntlet
 11363 | Gauntlet | Found a transporter.
 11363 | Gauntlet | Noticed a sixfirhy
 11372 | Gauntlet | Found a transporter.
 11388 | Gauntlet | Found a transporter.
 11388 | Gauntlet | Noticed a balrug
 11392 | Gauntlet | Found a transporter.
 11404 | Gauntlet | Noticed a wretched star
 11412 | Gauntlet | Found a transporter.
 11425 | Gauntlet | Found a transporter.
 11428 | Gauntlet | Noticed a wretched star
 11438 | Gauntlet | Found a transporter.
 11438 | Gauntlet | Noticed a death drake
 11458 | Gauntlet | Found a transporter.
 11462 | Gauntlet | Found a transporter.
 11468 | Gauntlet | Noticed a sixfirhy
 11473 | Gauntlet | Found a transporter.
 11494 | Gauntlet | Found a transporter.
 11494 | Gauntlet | Found a transporter.
 11494 | Gauntlet | Noticed a moth of wrath
 11651 | Gauntlet | Slain by a balrug

Illustrated notes #........###.###.# #........... #........# #..##.#######.......## #........# ##.##.#....)........# #........# #.##.#.#####.......# ########## #..#.#.# #.####### ##.#.#.# #.# #...#.# #.# ##..#.#####.## #..@).##.....# #...####.....# #...# #.....# #...# #.....# #...# #.....# #...# #.....# ##### #.....# #....)# ####'######## Turn 1214 on D:2: 2

..#...#.......#...........#.....'
..#...#.......#...........'..(..#
..#...#.......#...........#.....#
..###'#.......#############.....#
........#'###).....#..##.......##
........'...#..[...#...#.......#
........#...#......#...#.......#
........#...#......'...#.......#
#'#.....#...#...@..#...'.......#
..#.....#...#......#'###...(...#
..#.....#...######..........#'###
..#.....'....#...#..........#....
'##?....#....#...#..........#....
..#.....#....#...'..........#....
..#.....#....#...#..........#....
###.....'....#...#..........'....
........########'#..........###'#


Turn 11282 on D:11: 11

Levels and vault maps discovered:
D:1:      eino_arrival_water_cross, layout_basic
D:2:      layout_basic, uniq_sigmund
D:3:      minmay_razor_zed, layout_basic,
          grunt_temple_overflow_order_and_chaos_1, first_ration,
          gup_sewer_entry_spiral, minivault_27, minmay_starry_boxes,
          uniq_jessica
D:4:      layout_basic
D:5:      layout_gridville, minmay_temple_entry_glass
D:6:      layout_gridville, grunt_temple_overflow_cloverleaf, serial_shops,
          nicolae_shop_waterfront
D:7:      layout_gridville
D:8:      layout_basic
D:9:      layout_long_grid, erik_lair_island, grunt_ogre_cave, uniq_psyche,
          uniq_maggie
D:10:     layout_loops_ring, nicolae_ru_awakened_eye
D:11:     layout_gridville
D:12:     layout_long_grid, orc_0_dummy, gauntlet_entry_generic,
          roderic_lattice_a, dk_vineyard_2
Temple:   lightli_temple_of_artemis
Gauntlet: minmay_gauntlet_mixed_oops_all_seconds
          [minmay_gauntlet_arena_77_tiled_triplets,
          gammafunk_gauntlet_arena_split_diamond,
          minmay_gauntlet_arena_77_double_cross, nicolae_gauntlet_arena_grate_2,
          minmay_gauntlet_arena_77_terracotta_army,
          gammafunk_gauntlet_arena_split_x, gauntlet_exit_hidden_loot]

Skill      XL: |  1  2  3  4  5  6  7  8  9 10 11 |
---------------+----------------------------------+-----
Maces & Flails | 3 4 5 6 8 10 11 12 | 12.5
Armour         | 4 5 6 7 |  7.3
Shields        | 4 5 6 8 10 | 10.0
Dodging        | 1 2 |  2.3
Fighting       | 4 5 6 7 |  7.1
Stealth        | 1 |  1.2
Throwing       | 1 3 |  3.1
Invocations    | 1 |  1.1
Unarmed Combat | |  0.1
Evocations     | |  0.8

Action                   |  1- 3 |  4- 6 |  7- 9 | 10-12 || total
-------------------------+-------+-------+-------+-------++-------
Melee: Flail             |   114 |   366 |   595 |   580 ||  1655
       Unarmed           |       |     9 |       |       ||     9
       Morningstar       |       |       |       |    24 ||    24
Throw: Dart              |       |       |       |    79 ||    79
       Boomerang         |       |       |       |    24 ||    24
Invok: Heroism           |       |       |     3 |    11 ||    14
Evoke: Wand              |       |       |     4 |       ||     4
  Use: Potion            |       |     1 |     1 |       ||     2
       Scroll            |       |     5 |     9 |     6 ||    20
  Eat: Ration            |       |     2 |     2 |     3 ||     7
       Chunk             |       |       |    11 |     5 ||    16
Armor: Scale mail        |    40 |   172 |    23 |       ||   235
       Skin              |       |     5 |       |       ||     5
       Chain mail        |       |       |   121 |       ||   121
       Plate armour      |       |       |   202 |   284 ||   486
Dodge: Dodged            |    45 |   142 |   132 |    84 ||   403
Block: Kite shield       |    45 |   187 |   255 |   503 ||   990
       Reflection        |       |       |       |    11 ||    11
